 Dungeon Crawl Stone Soup version 0.30.1 (webtiles) character file.

Game seed: 3201983371408403053

195 Babbit the Conjurer (level 6, -3/43 HPs)
             Began as a Human Conjurer on July 11, 2023.
             Slain by a sleepcap (5 damage)
             ... on level 4 of the Dungeon.
             The game lasted 00:48:26 (2888 turns).

Babbit the Conjurer (Human Conjurer)                Turns: 2888, Time: 00:48:27

Health: -3/43      AC:  3    Str:  8    XL:     6   Next: 4%
Magic:  1/10       EV: 12    Int: 20    God:
Gold:   168        SH:  0    Dex: 11    Spells: 5/11 levels left

rFire   . . .        e - +0 dagger
rCold   . . .        (no shield)
rNeg    . . .        a - +0 robe
rPois   .            (no helmet)
rElec   .            r - scarf {+Inv}
rCorr   .            n - +0 pair of gloves
SInv    .            (no boots)
Will    .....        g - amulet of the acrobat
Stlth   ++           (no ring)
HPRegen 0.27/turn    (no ring)
MPRegen 0.12/turn

%: acrobat
@: no status effects
A: no striking features
a: Evoke Invisibility


You were on level 4 of the Dungeon.
You visited 1 branch of the dungeon, and saw 4 of its levels.

You collected 168 gold pieces.

Inventory:

Hand Weapons
 e - a +0 dagger (weapon)
Missiles
 l - 2 poisoned darts (quivered)
Armour
 a - a +0 robe (worn)
 n - a +0 pair of gloves (worn)
 r - a scarf of invisibility (worn)
Jewellery
 g - an amulet of the acrobat (around neck)
Wands
 c - a wand of mindburst (15)
 t - a wand of polymorph (10)
Scrolls
 b - a scroll of immolation {unknown}
 f - a scroll of amnesia
 h - a scroll of acquirement {unknown}
 k - a scroll of identify {unknown}
 p - a scroll of poison {unknown}
 q - a scroll of noise {unknown}
 s - a scroll of summoning {unknown}
Potions
 d - a potion of invisibility {unknown}
 i - a potion of flight {unknown}
 j - a potion of curing
 m - a potion of lignification {unknown}
 o - a potion of attraction {unknown}


   Skills:
 + Level 1.0 Fighting
 + Level 1.1 Short Blades
 + Level 2.6 Dodging
 + Level 2.7 Stealth
 + Level 3.0 Spellcasting
 + Level 5.3 Conjurations


You had 5 spell levels left.
You knew the following spells:

 Your Spells              Type           Power      Damage    Failure   Level
a - Magic Dart            Conj           96%        1d7       1%          1
b - Searing Ray           Conj           48%        2d6       2%          2
c - Dazzling Flash        Conj/Hex       26%        N/A       14%         3

Your spell library contained the following spells:

 Spells                   Type           Power      Damage    Failure   Level
 Fulminant Prism          Conj/Hex       6%         3d6       43%         4
 Iskenderun's Mystic Bla  Conj/Tloc      13%        2d5       43%         4


Dungeon Overview and Level Annotations

Branches:
Dungeon (4/15)
 Temple: D:4-7

Altars:
Fedhas
Okawaru
Wu Jian

Annotations:
D:3 Grinder


Message History

Aiming: Searing Ray (safe; 2% risk of failure)
Press: ? - help, Shift-Dir - straight line, f/p - sleepcap
Aim: a sleepcap (heavily damaged, 100% to hit)
The searing ray hits the sleepcap.
The sleepcap is severely damaged. (Press . to maintain the ray.)
The sleepcap releases spores at you but does no damage.
You hit the sleepcap but do no damage.
The sleepcap is severely damaged.
The sleepcap closely misses you.
You hit the sleepcap but do no damage.
The sleepcap is severely damaged.
The sleepcap releases spores at you.
You are engulfed in a cloud of soporific spores!
You are unaffected.
You hit the sleepcap but do no damage.
The sleepcap is severely damaged.
The sleepcap releases spores at you but does no damage.
You hit the sleepcap but do no damage.
The sleepcap is severely damaged.
The sleepcap barely misses you.
You hit the sleepcap but do no damage.
The sleepcap is heavily damaged.
The sleepcap releases spores at you!
* * * LOW HITPOINT WARNING * * *
You feel better. The sleepcap closely misses you.
You hit the sleepcap but do no damage.
The sleepcap is heavily damaged.
The sleepcap misses you.
You hit the sleepcap but do no damage.
The sleepcap is heavily damaged.
The sleepcap releases spores at you.
You are engulfed in a cloud of soporific spores!
You fall asleep.
The sleepcap releases spores at you!!
You wake up.
* * * LOW HITPOINT WARNING * * *
You hit the sleepcap but do no damage.
The sleepcap is heavily damaged.
The sleepcap releases spores at you.
You die...

# #. # #.### #
###. ...# .#
....###.## .#
.........###.#
#........##(.#
##.).#@f.....#
##.##.#####.#
#.##.# #.##.#
#.##.# #.##.#
#.##.#
########.#.#.
######.........#
#


You could see a sleepcap.

Vanquished Creatures
  4 gnolls (D:2)
  9 adders
  2 worms (D:3)
  4 orcs
  4 ball pythons
  5 endoplasms
  4 giant cockroaches
  5 goblins
  7 hobgoblins
  6 kobolds
  3 quokkas
  8 bats
  4 frilled lizards
  5 rats
70 creatures vanquished.

Notes
Turn   | Place    | Note
-------+----------+-------------------------------------------
     0 | D:1      | Babbit the Human Conjurer began the quest for the Orb.
     0 | D:1      | Reached XP level 1. HP: 13/13 MP: 3/3
   150 | D:1      | Reached XP level 2. HP: 19/19 MP: 0/5
   168 | D:1      | Learned a level 2 spell: Searing Ray
   675 | D:1      | Reached XP level 3. HP: 19/24 MP: 3/6
   987 | D:2      | Reached XP level 4. HP: 24/30 MP: 5/7
  1237 | D:2      | Reached skill level 5 in Conjurations
  1237 | D:2      | Reached XP level 5. HP: 32/36 MP: 4/8
  1243 | D:2      | Learned a level 3 spell: Dazzling Flash
  1490 | D:2      | Reached skill level 1 in Short Blades
  2086 | D:3      | Found a blossoming altar of Fedhas.
  2090 | D:3      | Noticed Grinder
  2091 | D:3      | Paralysed by Grinder for 4 turns
  2267 | D:3      | Reached skill level 1 in Fighting
  2462 | D:3      | Found an ornate altar of the Wu Jian Council.
  2597 | D:3      | Reached XP level 6. HP: 43/43 MP: 8/10
  2677 | D:3      | Found an iron altar of Okawaru.
  2887 | D:4      | HP: 2/43 [sleepcap (19)]
  2888 | D:4      | Slain by a sleepcap

Illustrated notes

Levels and vault maps discovered:
D:1:      ebering_trefoil_3fold, layout_loops_ring
D:2:      layout_loops_cross
D:3:      layout_basic, mainiacjoe_overflow_six_doors_small,
          lemuel_doored_altar, mainiacjoe_overflow_alcove_4, uniq_grinder
D:4:      layout_loops_ring, mainiacjoe_overflow_alcove_1, minitemple

Skill      XL: |  1  2  3  4  5 |
---------------+----------------+-----
Conjurations   | 5 |  5.3
Short Blades   | 1 |  1.1
Spellcasting   | 3 |  3.0
Fighting       | 1 |  1.0
Dodging        | |  2.6
Stealth        | |  2.7

Action                     |  1- 3 |  4- 6 || total
---------------------------+-------+-------++-------
  Melee: Dagger            |    43 |    66 ||   109
         Punch             |       |     1 ||     1
  Throw: Dart              |       |    21 ||    21
   Cast: Magic Dart        |    46 |    84 ||   130
         Searing Ray       |       |     5 ||     5
    Use: Scroll            |     2 |     1 ||     3
         Potion            |     1 |     2 ||     3
 Armour: Robe              |     8 |    19 ||    27
  Dodge: Dodged            |    35 |    47 ||    82
